 Dungeon Crawl Stone Soup version 0.30-a0-122-g2a1322497e (console) character file.

Game seed: 17884761029694769164

1160 Ignak the Thaumaturge (level 8, -3/58 HPs)
             Began as a Gnoll Hedge Wizard on Sept 12, 2022.
             Was a Follower of Sif Muna.
             Succumbed to a water moccasin's poison
             ... on level 5 of the Dungeon on Sept 15, 2022.
             The game lasted 00:17:58 (8457 turns).

Ignak the Thaumaturge (Gnoll Hedge Wizard)          Turns: 8457, Time: 00:17:58

Health: -3/58      AC: 10    Str: 13    XL:     8   Next: 39%
Magic:  24/29      EV: 13    Int: 16    God:    Sif Muna [*.....]
Gold:   245        SH:  5    Dex:  9    Spells: 8/23 levels left

rFire   . . .      SeeInvis .    u - +2 mace (protect)
rCold   . . .      Faith    .    (no shield)
rNeg    . . .      Spirit   .    b - +0 robe
rPois   .          Reflect  +    (helmet currently unavailable)
rElec   .          Harm     .    (no cloak)
rCorr   .          Rampage  .    t - +0 pair of gloves
Will    .....                    (boots currently unavailable)
Stlth   +++.......               h - amulet of reflection
HPRegen 0.19/turn                l - ring of magical power
MPRegen 0.21/turn                f - ring of the Rabble {Wiz Str+3 Dex-2}

@: lethally poisoned (-3 -> -29), appendages, under a protective aura
A: horns 2, talons 2, fangs 1, strong nose, distributed training
a: End Transformation, Renounce Religion, Channel Magic


You were on level 5 of the Dungeon.
You worshipped Sif Muna.
Sif Muna was aware of your devotion.
You had temporarily grown beastly horns and talons.
You visited 1 branch of the dungeon, and saw 6 of its levels.

You collected 245 gold pieces.

Inventory:

Hand Weapons
 a - a +2 vorpal hand axe
 e - a +1 short sword
 p - a +1 flail of holy wrath
 u - a +2 mace of protection (weapon)
Missiles
 o - 6 poisoned darts (quivered)
Armour
 b - a +0 robe (worn)
 c - a +0 hat (melded)
 r - a +1 pair of boots (melded)
 t - a +0 pair of gloves (worn)
Magical Staves
 n - a staff of death
Jewellery
 f - the ring of the Rabble (right hand) {Wiz Str+3 Dex-2}
   (You acquired it on level 4 of the Dungeon)

   [ring of wizardry]

   It improves your spell success rate.
   Str:       It affects your strength (+3).
   Dex:       It affects your dexterity (-2).
 h - an amulet of reflection (around neck)
 l - a ring of magical power (left hand)
 s - a ring of flight
Wands
 k - a wand of digging (5)
 q - a wand of paralysis (6)
Scrolls
 g - a scroll of poison {unknown}
 i - 2 scrolls of magic mapping {unknown}
 j - 4 scrolls of teleportation
 m - 2 scrolls of identify
Potions
 d - a potion of magic


   Skills:
 + Level 3.3 Fighting
 + Level 3.3 Short Blades
 + Level 3.3 Long Blades
 + Level 3.3 Axes
 + Level 3.3 Maces & Flails
 + Level 3.3 Polearms
 + Level 3.3 Staves
 + Level 3.3 Ranged Weapons
 + Level 3.3 Throwing
 + Level 3.3 Armour
 + Level 5.7 Dodging
 + Level 5.4 Stealth
 + Level 3.3 Shields
 + Level 3.3 Unarmed Combat
 + Level 8.0 Spellcasting
 + Level 3.5 Conjurations
 + Level 2.7 Hexes
 + Level 3.5 Summonings
 + Level 2.7 Necromancy
 + Level 3.5 Translocations
 + Level 2.7 Transmutations
 + Level 2.7 Fire Magic
 + Level 2.7 Ice Magic
 + Level 2.7 Air Magic
 + Level 2.7 Earth Magic
 + Level 2.7 Poison Magic
 + Level 3.7 Invocations
 + Level 3.3 Evocations


You had 8 spell levels left.
You knew the following spells:

 Your Spells              Type           Power      Damage    Failure   Level
a - Magic Dart            Conj           68%        1d6       1%          1
b - Blink                 Tloc           34%        N/A       1%          2
c - Wereblood             Tmut           15%        N/A       2%          2
d - Mephitic Cloud        Conj/Pois/Air  16%        N/A       4%          3
e - Call Imp              Summ           17%        N/A       1%          2
f - Ensorcelled Hibernat  Hex/Ice        30%        N/A       2%          2
t - Passwall              Tmut/Erth      12%        N/A       2%          2
z - Beastly Appendage     Tmut           30%        N/A       1%          1

Your spell library contained the following spells:

 Spells                   Type           Power      Damage    Failure   Level
 Slow                     Hex            60%        N/A       1%          1
 Cigotuvi's Dreadful Rot  Necr/Pois/Air  30%        N/A       2%          2
 Poisonous Vapours        Pois/Air       30%        N/A       2%          2
 Spider Form              Tmut/Pois      15%        N/A       4%          3
 Swiftness                Air            15%        N/A       4%          3


Dungeon Overview and Level Annotations

Branches:
Dungeon (6/15)             Temple (0/1) D:4

Altars:
Elyvilon
Qazlal
Sif Muna
Zin
The Shining One

Shops:
D:4 [


Innate Abilities, Weirdness & Mutations

You have temporarily grown beastly horns and talons.
You have very sharp teeth.
Your uncanny sense of smell can sniff out nearby items.
Your experience applies equally to all skills.


Message History

You miss the water moccasin.
Your headbutt misses the water moccasin.
The water moccasin is heavily wounded.
You feel sick. The water moccasin bites you.
You are more poisoned.
The water moccasin poisons you!
Your shadow imp gestures at the water moccasin.
The water moccasin struggles to resist.
The water moccasin bites you.
You hit the water moccasin.
The water moccasin is heavily wounded.
You feel extremely sick. The water moccasin bites you.
You are lethally poisoned!
The water moccasin poisons you!
Your shadow imp hits the water moccasin.
The water moccasin bites your shadow imp!
You hit the water moccasin. Your kick misses the water moccasin.
Your bite misses the water moccasin.
The water moccasin is severely wounded.
You feel extremely sick.
Your shadow imp hits the water moccasin.
The water moccasin bites you.
You are more poisoned.
The water moccasin poisons you!
Your shadow imp misses the water moccasin.
You miss the water moccasin. You claw the water moccasin.
Your bite misses the water moccasin.
The water moccasin is almost dead.
* * * LOW HITPOINT WARNING * * *
You feel extremely sick. The water moccasin barely misses you.
The water moccasin bites you.
* * * LOW HITPOINT WARNING * * *
Your shadow imp hits the water moccasin but does no damage.
Okay, then.
Okay, then.
Aiming: Paralyse
Press: ? - help, Shift-Dir - straight line, f/p - water moccasin
Aim: a water moccasin (almost dead, ally target, chance to affect: 57%)
The water moccasin suddenly stops moving!
You die...

..#..#....#.......# #........#
..######..#.......# #........#
###..###..#.......### #.......<#
..........#.....###.#######....#
..........#.....#....# #....#
..........#.....'....# #....#
###########.....#.#########....#
..............########...#######
..............#.@.........#
..............#.S5........#
..............#...##......#
######'#########'###......#
#..............##....>##
#...............#############
####'####....##'##.# #.....#
.......#######.....# #.<...#
.......#.....'.....# #.....#


You could see a water moccasin (paralysed, ally target) and a friendly shadow
imp (summoned).

Vanquished Creatures
  An ice beast (D:5)
  A black bear (D:4)
  An ogre (D:5)
  A centaur (D:5)
  A necrophage (D:5)
  A scorpion (D:4)
  2 jellies (D:4)
  A hound (D:5)
  An orc priest (D:4)
  2 iguanas
  An orc wizard (D:5)
  2 adders
  A white imp (D:5)
  2 ufetubi (D:4)
  3 dart slugs
  4 orcs
  8 ball pythons
  5 bats
  7 endoplasms
  4 giant cockroaches
  6 hobgoblins
  A jackal (D:2)
  8 kobolds
  3 quokkas
  6 frilled lizards
  2 goblins
  4 rats
79 creatures vanquished.

Vanquished Creatures (collateral kills)
  2 ice beasts (D:5)
  2 scorpions
  A jelly (D:5)
  Terence (D:2)
  2 adders (D:2)
  A bat (D:2)
  2 endoplasms (D:3)
  A hobgoblin (D:2)
  3 jackals (D:2)
  2 quokkas
  2 ball pythons
  A frilled lizard (D:3)
20 creatures vanquished.

Grand Total: 99 creatures vanquished

Notes
Turn   | Place    | Note
-------+----------+-------------------------------------------
     0 | D:1      | Ignak the Gnoll Hedge Wizard began the quest for the Orb.
     0 | D:1      | Reached XP level 1. HP: 13/13 MP: 8/8
   314 | D:1      | Reached XP level 2. HP: 19/19 MP: 10/10
   362 | D:1      | Learned a level 2 spell: Blink
   365 | D:1      | Learned a level 2 spell: Call Imp
   730 | D:1      | Learned a level 1 spell: Beastly Appendage
   733 | D:1      | Learned a level 2 spell: Wereblood
  1075 | D:1      | Reached XP level 3. HP: 8/25 MP: 8/11
  1079 | D:1      | Learned a level 3 spell: Mephitic Cloud
  2033 | D:2      | Noticed Terence
  2074 | D:2      | Killed Terence
  2075 | D:2      | Reached skill level 1 in Fighting
  2075 | D:2      | Reached skill level 1 in Short Blades
  2075 | D:2      | Reached skill level 1 in Long Blades
  2075 | D:2      | Reached skill level 1 in Axes
  2075 | D:2      | Reached skill level 1 in Maces & Flails
  2075 | D:2      | Reached skill level 1 in Polearms
  2075 | D:2      | Reached skill level 1 in Staves
  2075 | D:2      | Reached skill level 1 in Ranged Weapons
  2075 | D:2      | Reached skill level 1 in Throwing
  2075 | D:2      | Reached skill level 1 in Armour
  2075 | D:2      | Reached skill level 1 in Shields
  2075 | D:2      | Reached skill level 1 in Unarmed Combat
  2075 | D:2      | Reached skill level 1 in Invocations
  2075 | D:2      | Reached skill level 1 in Evocations
  2365 | D:2      | Reached XP level 4. HP: 25/32 MP: 13/13
  2620 | D:2      | Reached skill level 1 in Hexes
  2620 | D:2      | Reached skill level 1 in Necromancy
  2620 | D:2      | Reached skill level 1 in Transmutations
  2620 | D:2      | Reached skill level 1 in Fire Magic
  2620 | D:2      | Reached skill level 1 in Ice Magic
  2620 | D:2      | Reached skill level 1 in Air Magic
  2620 | D:2      | Reached skill level 1 in Earth Magic
  2620 | D:2      | Reached skill level 1 in Poison Magic
  2684 | D:2      | Found a shimmering blue altar of Sif Muna.
  2707 | D:2      | Became a worshipper of Sif Muna the Loreminder
  4104 | D:3      | Learned a level 2 spell: Passwall
  4107 | D:3      | Learned a level 2 spell: Ensorcelled Hibernation
  4108 | D:3      | Noticed a scorpion
  4131 | D:3      | Killed a scorpion
  4132 | D:3      | Reached XP level 5. HP: 7/37 MP: 14/14
  4397 | D:3      | Upgraded the game from 0.30-a0-57-g8b159a9891 to
                  | 0.30-a0-121-gb27577e5d9
  4690 | D:4      | Reached XP level 6. HP: 40/44 MP: 16/16
  5222 | D:4      | Reached skill level 5 in Dodging
  5222 | D:4      | Upgraded the game from 0.30-a0-121-gb27577e5d9 to
                  | 0.30-a0-122-g2a1322497e
  5626 | D:4      | Identified a scroll of acquirement
  5626 | D:4      | Acquired the ring of the Rabble {Wiz Str+3 Dex-2}
  5635 | D:4      | Found a glowing golden altar of the Shining One.
  5635 | D:4      | Found a glowing silver altar of Zin.
  5635 | D:4      | Found a white marble altar of Elyvilon.
  5650 | D:4      | Found a staircase to the Ecumenical Temple.
  6177 | D:4      | Reached * piety under Sif Muna
  6491 | D:4      | Found Topit's Antique Armour Shop.
  6549 | D:4      | Noticed a black bear
  6564 | D:4      | Reached XP level 7. HP: 38/50 MP: 18/18
  6752 | D:5      | Entered Level 5 of the Dungeon
  6772 | D:5      | Reached skill level 5 in Stealth
  6934 | D:5      | HP: 2/51 [centaur/arrow (4)]
  7540 | D:5      | Reached XP level 8. HP: 40/58 MP: 19/19
  7830 | D:5      | Found a stormy altar of Qazlal.
  8096 | D:5      | Reached skill level 8 in Spellcasting
  8457 | D:5      | Succumbed to a water moccasin's poison

Illustrated notes

Levels and vault maps discovered:
D:1:      dpeg_arrival_renting, layout_loops_corners, kennysheep_minor_cross
D:2:      layout_loops_corners, basic_altar, uniq_terence
D:3:      layout_basic
D:4:      layout_basic, good_gods_mini_temple, minmay_temple_entry_offerings,
          serial_shops, kennysheep_mini, amethyst_killhole
D:5:      layout_gridville, grunt_qazlal_sundering
D:6:      layout_loops_ring, mainiacjoe_overflow_six_doors_small,
          chequers_serial_rivers_micro_c

Skill      XL: |  1  2  3  4  5  6  7  8 |
---------------+-------------------------+-----
Conjurations   | 2 3 |  3.5
Summonings     | 2 3 |  3.5
Translocations | 2 3 |  3.5
Fighting       | 1 2 3 |  3.3
Short Blades   | 1 2 3 |  3.3
Long Blades    | 1 2 3 |  3.3
Axes           | 1 2 3 |  3.3
Maces & Flails | 1 2 3 |  3.3
Polearms       | 1 2 3 |  3.3
Staves         | 1 2 3 |  3.3
Ranged Weapons | 1 2 3 |  3.3
Throwing       | 1 2 3 |  3.3
Armour         | 1 2 3 |  3.3
Shields        | 1 2 3 |  3.3
Unarmed Combat | 1 2 3 |  3.3
Invocations    | 1 2 3 |  3.7
Evocations     | 1 2 3 |  3.3
Hexes          | 1 2 |  2.7
Necromancy     | 1 2 |  2.7
Transmutations | 1 2 |  2.7
Fire Magic     | 1 2 |  2.7
Ice Magic      | 1 2 |  2.7
Air Magic      | 1 2 |  2.7
Earth Magic    | 1 2 |  2.7
Poison Magic   | 1 2 |  2.7
Dodging        | 5 |  5.7
Stealth        | 5 |  5.4
Spellcasting   | 8 |  8.0

Action                   |  1- 3 |  4- 6 |  7- 9 || total
-------------------------+-------+-------+-------++-------
Melee: Dagger            |     2 |       |       ||     2
       Short sword       |    42 |     3 |       ||    45
       Kick              |     6 |     6 |     1 ||    13
       Headbutt          |     2 |     8 |       ||    10
       Bite              |     1 |    20 |    13 ||    34
       Punch             |     1 |     3 |     2 ||     6
       Staff             |       |   146 |       ||   146
       Hand axe          |       |    45 |    50 ||    95
       Mace              |       |       |    47 ||    47
 Cast: Magic Dart        |    28 |    10 |       ||    38
       Beastly Appendage |     4 |     4 |     2 ||    10
       Call Imp          |     7 |    21 |    11 ||    39
       Mephitic Cloud    |     3 |     6 |     7 ||    16
       Blink             |       |     5 |     8 ||    13
       Ensorcelled Hiber |       |     1 |       ||     1
Evoke: Wand              |       |       |     5 ||     5
  Use: Potion            |       |     5 |     1 ||     6
       Scroll            |       |     6 |       ||     6
 Stab: Sleeping          |     7 |     9 |     1 ||    17
       Confused          |     1 |     2 |     5 ||     8
       Paralysed         |       |       |    11 ||    11
Armor: Robe              |     9 |    49 |    34 ||    92
Dodge: Dodged            |    35 |   159 |    53 ||   247
Block: Other             |    10 |    53 |    21 ||    84
       Reflection        |       |     1 |       ||     1

Table legend: (Time is in decaauts)
 A = Elapsed time spent in this place.
 B = Non-inter-level travel time spent in this place.
 C = Inter-level travel time spent in this place.
 D = Time resting spent in this place.
 E = Time spent auto-exploring this place.
 F = Levels seen in this place.
 G = Mean time per level.
                   A        B        C        D        E       F      G
               +--------+--------+--------+--------+--------+-----+--------+
         Total |   8515 |   8416 |     99 |   2346 |   4276 |   6 | 1419.2 |
       Dungeon |   8515 |   8416 |     99 |   2346 |   4276 |   6 | 1419.2 |
               +--------+--------+--------+--------+--------+-----+--------+

Top non-repeatable levels by time:
     D:4: 2289 daAuts
     D:2: 2046 daAuts
     D:1: 1894 daAuts
     D:5: 1283 daAuts
     D:3: 992 daAuts
     D:6: 9 daAuts
